 Dungeon Crawl Stone Soup version 0.29.1-13-g9f3cf754e1 (webtiles) character file.

Game seed: 15456580140406691018

18 Vulpanium the Grave Robber (level 2, -6/19 HPs)
             Began as a Merfolk Necromancer on Jan 22, 2023.
             Mangled by a gnoll
             ... wielding a +1 antimagic spear
              (9 damage)
             ... on level 1 of the Dungeon.
             The game lasted 00:03:19 (1172 turns).

Vulpanium the Grave Robber (Merfolk Necromancer)    Turns: 1172, Time: 00:03:19

Health: -6/19      AC:  2    Str:  8    XL:     2   Next: 66%
Magic:  0/5        EV: 12    Int: 14    God:
Gold:   0          SH:  0    Dex: 14    Spells: 4/5 levels left

rFire   . . .      SeeInvis .   c - +0 dagger
rCold   . . .      Faith    .   (no shield)
rNeg    . . .      Spirit   .   a - +0 robe
rPois   .          Reflect  .   (no helmet)
rElec   .          Harm     .   (no cloak)
rCorr   .          Rampage  .   (no gloves)
Will    .....                   (no boots)
Stlth   ++........              (no amulet)
HPRegen 0.06/turn               (no ring)
MPRegen 0.09/turn               (no ring)

@: no status effects
A: (nimble swimmer 2), mertail
a: no special abilities


You were on level 1 of the Dungeon.
You visited 1 branch of the dungeon, and saw 1 of its levels.

Inventory:

Hand Weapons
 c - a +0 dagger (weapon)
Armour
 a - a +0 robe (worn)
Potions
 b - a potion of magic
 d - a potion of attraction {unknown}
 e - a potion of mutation {unknown}


   Skills:
 + Level 2.8 Dodging
 + Level 2.4 Stealth
 + Level 2.2 Spellcasting
 + Level 3.6 Necromancy


You had 4 spell levels left.
You knew the following spells:

 Your Spells              Type           Power      Damage    Failure   Level
a - Necrotise             Necr           44%        1d6       5%          1

Your spell library contained the following spells:

 Spells                   Type           Power      Damage    Failure   Level
 Vampiric Draining        Necr           11%        2d6       16%         3
 Animate Dead             Necr           11%        N/A       45%         4
 Agony                    Necr           11%        N/A       82%         5


Dungeon Overview and Level Annotations

Branches:
Dungeon (1/15)

Altars:

Shops:
D:1 (


Innate Abilities, Weirdness & Mutations

((You are very nimble when in or above water. (Stealth+, EV+, Speed+++)))
Your lower body shifts to a powerful aquatic tail in water.


Message History

Casting: Necrotise (safe; 5% risk of failure)
Confirm with . or Enter, or press ? or * to list all spells.
Aiming: Necrotise (safe; 5% risk of failure)
Press: ? - help, Shift-Dir - straight line, f/p - gnoll
Aim: a gnoll, wielding a +1 antimagic spear (severely wounded, chance to affect: 73%)
The gnoll writhes in agony.
The gnoll hits you from afar with a +1 antimagic spear.
Casting: Necrotise (safe; 5% risk of failure)
Confirm with . or Enter, or press ? or * to list all spells.
You don't have enough magic to cast this spell.
Unknown command.
Casting: Necrotise (safe; 5% risk of failure)
Confirm with . or Enter, or press ? or * to list all spells.
You don't have enough magic to cast this spell.
Casting: Necrotise (safe; 5% risk of failure)
Confirm with . or Enter, or press ? or * to list all spells.
Aiming: Necrotise (safe; 5% risk of failure)
Press: ? - help, Shift-Dir - straight line, f/p - gnoll
Aim: a gnoll, wielding a +1 antimagic spear (almost dead, chance to affect: 73%)
The gnoll struggles to resist.
You hit the rat.
The rat is severely wounded.
The rat bites you.
The gnoll hits you from afar with a +1 antimagic spear.
You hit the rat.
You kill the rat!
The gnoll hits you from afar with a +1 antimagic spear!
* * * LOW HITPOINT WARNING * * *
Casting: Necrotise (safe; 5% risk of failure)
Confirm with . or Enter, or press ? or * to list all spells.
You don't have enough magic to cast this spell.
Unknown command.
The gnoll misses you.
Casting: Necrotise (safe; 5% risk of failure)
Confirm with . or Enter, or press ? or * to list all spells.
You don't have enough magic to cast this spell.
Unknown command.
The endoplasm hits you but does no damage.
The gnoll hits you from afar with a +1 antimagic spear!
You die...

########### .
#.........#
..######........@#
...............J.#
..............g..#
..........#...#######
........J.+.........#
!.........#.....###.#
..........#.#...## .#
##.#####+##.#.#).##.#
... ......>..#.....#


You could see a gnoll and an endoplasm.

Vanquished Creatures
  A dart slug (D:1)
  An endoplasm (D:1)
  A giant cockroach (D:1)
  A goblin (D:1)
  A hobgoblin (D:1)
  A quokka (D:1)
  A ball python (D:1)
  2 bats (D:1)
  A frilled lizard (D:1)
  3 kobolds (D:1)
  3 rats (D:1)
16 creatures vanquished.

Notes
Turn   | Place    | Note
-------+----------+-------------------------------------------
     0 | D:1      | Vulpanium the Merfolk Necromancer began the quest for the
                  | Orb.
     0 | D:1      | Reached XP level 1. HP: 13/13 MP: 3/3
   462 | D:1      | Reached XP level 2. HP: 19/19 MP: 1/5
   761 | D:1      | Found Sewn's Weapon Shoppe.
  1172 | D:1      | Mangled by a gnoll

Illustrated notes

Levels and vault maps discovered:
D:1:      dpeg_cavernosity, layout_basic, serial_shops, shop_statue,
          hellmonk_ecumenical_altar_inner_sanctum,
          chequers_serial_rivers_micro_e

Action                   || total
-------------------------++-------
Melee: Dagger            ||    24
 Cast: Necrotise         ||    25
 Stab: Sleeping          ||     3
Armor: Robe              ||     6
Dodge: Dodged            ||    22
